| TOP OF THE 1ST |
|
Dallas-Fort Worth Rangers batting - Pitching for Shreveport Braves : RHP Dave Renderos
|
|
Pitching: RHP Dave Renderos
|
|
|
Batting: RHB Dave Aponte
|
0-0: Ball 1-0: Called Strike 1-1: Called Strike 1-2: Fly out, F4 (Flyball, 34D, EV 83.8 MPH)
|
|
Batting: RHB Phil Bradley
|
0-0: Fly out, F8 (Flyball, 8RXD, EV 88.1 MPH)
|
|
Batting: LHB Sid Bream
|
0-0: Ball 1-0: Called Strike 1-1: Fly out, F9 (Line Drive, 9, EV 96.3 MPH)
|
| Top of the 1st over - 0 runs, 0 hits, 0 errors, 0 left on base; Dallas-Fort Worth 0 - Shreveport 0 |
| BOTTOM OF THE 1ST |
|
Shreveport Braves batting - Pitching for Dallas-Fort Worth Rangers : RHP Brian Denman
|
|
Pitching: RHP Brian Denman
|
|
|
Batting: LHB Robert Loscalzo
|
0-0: Swinging Strike 0-1: Ball 1-1: Ball 2-1: SINGLE (Line Drive, 89M, EV 95.0 MPH)
|
|
Batting: RHB Jeff Matthews
|
0-0: Ball 1-0: Ball 2-0: Foul Ball, location: 2F 2-1: Ball 3-1: Base on Balls Robert Loscalzo to second
|
|
Batting: RHB Kevin Mitchell
|
0-0: SINGLE (Flyball, 89S, EV 94.4 MPH) Robert Loscalzo to third Jeff Matthews to second Runner from 3rd tries for Home, SAFE, throw by RF to home
|
|
Batting: RHB Dave Gallagher
|
0-0: Foul Ball, location: 2F 0-1: Ball 1-1: Ball 2-1: Foul Ball, location: 2F 2-2: Strikes out swinging
|
|
Batting: RHB Les Pearsey
|
0-0: Ball 1-0: Ball 2-0: Foul Ball, location: 2F 2-1: 3-RUN HOME RUN (Flyball, 9D, EV 84.4 MPH), Distance : 357 ft
|
|
Batting: RHB Scott Ullger
|
0-0: Called Strike 0-1: Called Strike 0-2: SINGLE (Flyball, 3D, EV 83.8 MPH)
|
|
Batting: RHB Glenn Walker
|
0-0: Called Strike 0-1: Called Strike 0-2: Ball 1-2: Ball 2-2: SINGLE (Line Drive, 7LM, EV 99.4 MPH) Scott Ullger to second Scott Ullger to third
|
|
Batting: LHB Pete Bazan
|
0-0: Ball 1-0: Called Strike Glenn Walker steals 2nd base 1-1: Ball 2-1: Ball 3-1: Called Strike 3-2: Foul Ball, location: 2F 3-2: SINGLE (Groundball, 4MD, EV 101.3 MPH) Scott Ullger scores Glenn Walker to third
|
|
Pitching: LHP Manny Sandate
|
|
|
Batting: RHB Daniel Supple
|
0-0: Swinging Strike 0-1: Ball 1-1: Fielders Choice at 2nd, 4-6 (Groundball, 4MD, EV 104.4 MPH) Glenn Walker scores
|
|
Batting: LHB Robert Loscalzo
|
0-0: Ball 1-0: Ball 2-0: Called Strike 2-1: Foul Ball, location: 2F 2-2: Foul Ball, location: 2F 2-2: Ball 3-2: Foul Ball, location: 2F 3-2: Foul Ball, location: 2F 3-2: Foul Ball, location: 2F 3-2: Strikes out swinging
|
| Bottom of the 1st over - 6 runs, 6 hits, 0 errors, 1 left on base; Dallas-Fort Worth 0 - Shreveport 6 |
| TOP OF THE 2ND |
|
Dallas-Fort Worth Rangers batting - Pitching for Shreveport Braves : RHP Dave Renderos
|
|
Batting: RHB Joe Carter
|
0-0: Ball 1-0: Called Strike 1-1: Ball 2-1: Called Strike 2-2: Ground out 6-3 (Groundball, 6, EV 103.8 MPH)
|
|
Batting: RHB Terry Lee
|
0-0: Fly out, F8 (Flyball, 89D, EV 85.0 MPH)
|
|
Batting: RHB Ross Jones
|
0-0: Ball 1-0: Called Strike 1-1: Ball 2-1: SOLO HOME RUN (Flyball, 7LD, EV 110.0 MPH), Distance : 353 ft
|
|
Batting: RHB Steve Nicosia
|
0-0: Called Strike 0-1: Fly out, F5 (Popup, 5F, EV 66.3 MPH)
|
| Top of the 2nd over - 1 run, 1 hit, 0 errors, 0 left on base; Dallas-Fort Worth 1 - Shreveport 6 |
| BOTTOM OF THE 2ND |
|
Shreveport Braves batting - Pitching for Dallas-Fort Worth Rangers : LHP Manny Sandate
|
|
Batting: RHB Jeff Matthews
|
0-0: SINGLE (Groundball, 56D, EV 96.9 MPH)
|
|
Batting: RHB Kevin Mitchell
|
0-0: Ball 1-0: Foul Ball, location: 2F 1-1: Ball 2-1: Foul Ball, location: 2F 2-2: DOUBLE (Line Drive, 7LS, EV 109.4 MPH) Jeff Matthews to third
|
|
Batting: RHB Dave Gallagher
|
0-0: Called Strike 0-1: Ball 1-1: Ball 2-1: Ball 3-1: Fly out, F8 (Flyball, 8RS, EV 86.3 MPH)
|
|
Batting: RHB Les Pearsey
|
0-0: Called Strike 0-1: Ball 1-1: Called Strike 1-2: Ball 2-2: Ball 3-2: Base on Balls
|
|
Batting: RHB Scott Ullger
|
0-0: Ball 1-0: Ball 2-0: Ball 3-0: Foul Ball, location: 2F 3-1: Called Strike 3-2: Base on Balls Jeff Matthews scores Kevin Mitchell to third Les Pearsey to second
|
|
Batting: RHB Glenn Walker
|
0-0: Swinging Strike 0-1: Called Strike 0-2: Fielders Choice at 2nd, 6-4 (Groundball, 6, EV 86.3 MPH) Kevin Mitchell scores Les Pearsey to third
|
|
Batting: LHB Pete Bazan
|
0-0: Ball 1-0: Foul Ball, location: 2F 1-1: Ball 2-1: Fly out, F6 (Popup, P, EV 73.1 MPH)
|
| Bottom of the 2nd over - 2 runs, 2 hits, 0 errors, 2 left on base; Dallas-Fort Worth 1 - Shreveport 8 |
| TOP OF THE 3RD |
|
Dallas-Fort Worth Rangers batting - Pitching for Shreveport Braves : RHP Dave Renderos
|
|
Batting: LHB Garcia Gutierrez
|
0-0: Ground out 1-3 (Groundball, 23, EV 76.9 MPH)
|
|
Batting: RHB Alex Zermeno
|
0-0: Called Strike 0-1: Ball 1-1: Called Strike 1-2: Ball 2-2: Ground out 4-3 (Groundball, 4, EV 88.8 MPH)
|
|
Batting: RHB Dave Aponte
|
0-0: Called Strike 0-1: Swinging Strike 0-2: Ground out U3 (Groundball, 34, EV 85.6 MPH)
|
| Top of the 3rd over - 0 runs, 0 hits, 0 errors, 0 left on base; Dallas-Fort Worth 1 - Shreveport 8 |
| BOTTOM OF THE 3RD |
|
Shreveport Braves batting - Pitching for Dallas-Fort Worth Rangers : LHP Manny Sandate
|
|
Batting: RHB Daniel Supple
|
0-0: Swinging Strike 0-1: Ball 1-1: Fly out, F7 (Flyball, 7D, EV 91.9 MPH)
|
|
Batting: LHB Robert Loscalzo
|
0-0: Ball 1-0: Swinging Strike 1-1: Called Strike 1-2: Ball 2-2: Foul Ball, location: 2F 2-2: Strikes out swinging
|
|
Batting: RHB Jeff Matthews
|
0-0: Ground out 4-3 (Groundball, 4, EV 90.0 MPH)
|
| Bottom of the 3rd over - 0 runs, 0 hits, 0 errors, 0 left on base; Dallas-Fort Worth 1 - Shreveport 8 |
| TOP OF THE 4TH |
|
Dallas-Fort Worth Rangers batting - Pitching for Shreveport Braves : RHP Dave Renderos
|
|
Batting: RHB Phil Bradley
|
0-0: Foul Ball, location: 2F 0-1: Fly out, F7 (Flyball, 78M, EV 90.0 MPH)
|
|
Batting: LHB Sid Bream
|
0-0: Ball 1-0: Foul Ball, location: 2F 1-1: Ball 2-1: Fly out, F9 (Flyball, 9LD, EV 76.9 MPH)
|
|
Batting: RHB Joe Carter
|
0-0: Ball 1-0: Ground out 5-3 (Groundball, 56, EV 94.4 MPH)
|
| Top of the 4th over - 0 runs, 0 hits, 0 errors, 0 left on base; Dallas-Fort Worth 1 - Shreveport 8 |
| BOTTOM OF THE 4TH |
|
Shreveport Braves batting - Pitching for Dallas-Fort Worth Rangers : LHP Manny Sandate
|
|
Batting: RHB Kevin Mitchell
|
0-0: Foul Ball, location: 2F 0-1: Foul Ball, location: 2F 0-2: Ball 1-2: Ball 2-2: Strikes out swinging
|
|
Batting: RHB Dave Gallagher
|
0-0: Ball 1-0: Foul Ball, location: 2F 1-1: Fly out, F4 (Popup, 3D, EV 61.9 MPH)
|
|
Batting: RHB Les Pearsey
|
0-0: Called Strike 0-1: Ball 1-1: Ball 2-1: Foul Ball, location: 2F 2-2: Ball 3-2: Base on Balls
|
|
Batting: RHB Scott Ullger
|
0-0: Fly out, F8 (Line Drive, 8RM, EV 103.8 MPH)
|
| Bottom of the 4th over - 0 runs, 0 hits, 0 errors, 1 left on base; Dallas-Fort Worth 1 - Shreveport 8 |
| TOP OF THE 5TH |
|
Dallas-Fort Worth Rangers batting - Pitching for Shreveport Braves : RHP Dave Renderos
|
|
Batting: RHB Terry Lee
|
0-0: Ball 1-0: Ball 2-0: Ground out 6-3 (Groundball, 6, EV 95.0 MPH)
|
|
Batting: RHB Ross Jones
|
0-0: Ball 1-0: Ground out U3 (Groundball, 3L, EV 78.8 MPH)
|
|
Batting: RHB Steve Nicosia
|
0-0: Ball 1-0: TRIPLE (Flyball, 89XD, EV 93.8 MPH)
|
|
Batting: LHB Garcia Gutierrez
|
0-0: Ball 1-0: Fly out, F8 (Line Drive, 8LM, EV 109.4 MPH)
|
| Top of the 5th over - 0 runs, 1 hit, 0 errors, 1 left on base; Dallas-Fort Worth 1 - Shreveport 8 |
| BOTTOM OF THE 5TH |
|
Shreveport Braves batting - Pitching for Dallas-Fort Worth Rangers : LHP Manny Sandate
|
|
Batting: RHB Glenn Walker
|
0-0: Ball 1-0: Foul Ball, location: 2F 1-1: Swinging Strike 1-2: Foul Ball, location: 2F 1-2: Foul Ball, location: 2F 1-2: Foul Ball, location: 2F 1-2: Ball 2-2: Foul Ball, location: 2F 2-2: SINGLE (Groundball, 34D, EV 98.8 MPH)
|
|
Pitching: RHP Randy McGilberry
|
|
|
Batting: LHB Pete Bazan
|
0-0: Foul Ball, location: 2F 0-1: Ground out U3 (Groundball, 3, EV 80.0 MPH) Glenn Walker to second
|
|
Batting: RHB Daniel Supple
|
0-0: Called Strike 0-1: Ball 1-1: Reached on error, E6 (Groundball, 6MD, EV 88.8 MPH) Glenn Walker to third
|
|
Batting: LHB Robert Loscalzo
|
0-0: Ball 1-0: SINGLE (Groundball, 4MD, EV 95.0 MPH) Glenn Walker scores Daniel Supple to second
|
|
Batting: RHB Jeff Matthews
|
0-0: Foul Ball, location: 2F 0-1: Foul Ball, location: 2F 0-2: Foul Ball, location: 2F 0-2: Ball 1-2: Ball 2-2: Fly out, F8 (Flyball, 89M, EV 88.8 MPH)
|
|
Batting: RHB Kevin Mitchell
|
0-0: Ball 1-0: Foul Ball, location: 2F 1-1: Called Strike 1-2: Strikes out looking
|
| Bottom of the 5th over - 1 run, 2 hits, 1 error, 2 left on base; Dallas-Fort Worth 1 - Shreveport 9 |
| TOP OF THE 6TH |
|
Dallas-Fort Worth Rangers batting - Pitching for Shreveport Braves : RHP Dave Renderos
|
|
Batting: RHB Alex Zermeno
|
0-0: Fly out, F8 (Flyball, 8RD, EV 95.6 MPH)
|
|
Batting: RHB Dave Aponte
|
0-0: Called Strike 0-1: Ball 1-1: Ball 2-1: DOUBLE (Flyball, 8RXD, EV 96.9 MPH)
|
|
Batting: RHB Phil Bradley
|
0-0: Called Strike 0-1: Ball 1-1: Swinging Strike 1-2: SINGLE (Groundball, 56D, EV 85.6 MPH) (infield hit) Dave Aponte to third
|
|
Batting: LHB Sid Bream
|
0-0: Ball 1-0: Ball 2-0: Swinging Strike 2-1: Foul Ball, location: 2F 2-2: Ball Phil Bradley steals 2nd base (no throw) 3-2: Foul Ball, location: 2F 3-2: Foul Ball, location: 2F 3-2: SINGLE (Line Drive, 8RS, EV 100.0 MPH) Dave Aponte scores Phil Bradley to third Runner from 3rd tries for Home, SAFE, throw by CF to home Sid Bream to second
|
|
Batting: RHB Joe Carter
|
0-0: Ball 1-0: Called Strike 1-1: Ball 2-1: Fly out, F7 (Line Drive, 7, EV 95.0 MPH)
|
|
Batting: RHB Terry Lee
|
0-0: Foul Ball, location: 2F 0-1: Ball 1-1: Ball Passed Ball! Sid Bream to third 2-1: SINGLE (Groundball, 4D, EV 93.8 MPH) Sid Bream scores
|
|
Batting: RHB Ross Jones
|
0-0: Foul Ball, location: 2F 0-1: Ball 1-1: Fly out, F8 (Flyball, 8RD, EV 100.6 MPH)
|
| Top of the 6th over - 3 runs, 4 hits, 0 errors, 1 left on base; Dallas-Fort Worth 4 - Shreveport 9 |
| BOTTOM OF THE 6TH |
|
Shreveport Braves batting - Pitching for Dallas-Fort Worth Rangers : RHP Randy McGilberry
|
|
Batting: RHB Dave Gallagher
|
0-0: Called Strike 0-1: Ball 1-1: Ball 2-1: Called Strike 2-2: Ball 3-2: Foul Ball, location: 2F 3-2: Fly out, F8 (Line Drive, 8LM, EV 96.3 MPH)
|
|
Batting: RHB Les Pearsey
|
0-0: Ball 1-0: Ball 2-0: Called Strike 2-1: DOUBLE (Flyball, 8RXD, EV 98.8 MPH)
|
|
Batting: RHB Scott Ullger
|
0-0: Swinging Strike 0-1: Foul Ball, location: 2F 0-2: Ball 1-2: Ball 2-2: Ball 3-2: Base on Balls
|
|
Batting: RHB Glenn Walker
|
0-0: Called Strike 0-1: Ball 1-1: DOUBLE (Flyball, 9LD, EV 98.1 MPH) Les Pearsey scores Scott Ullger to third Runner from 3rd tries for Home, SAFE, throw by RF to home
|
|
Batting: LHB Pete Bazan
|
0-0: Ball 1-0: Ground out 4-3 (Groundball, 4D, EV 94.4 MPH) Glenn Walker to third
|
|
Batting: RHB Daniel Supple
|
0-0: Foul Ball, location: 2F 0-1: SINGLE (Groundball, 6MD, EV 96.9 MPH) Glenn Walker scores
|
|
Batting: LHB Robert Loscalzo
|
0-0: Fielders Choice at 2nd, 5-4 (Groundball, 5, EV 103.8 MPH)
|
| Bottom of the 6th over - 3 runs, 3 hits, 0 errors, 1 left on base; Dallas-Fort Worth 4 - Shreveport 12 |
| TOP OF THE 7TH |
|
Dallas-Fort Worth Rangers batting - Pitching for Shreveport Braves : RHP Dave Renderos
|
|
Batting: RHB Steve Nicosia
|
0-0: Ball 1-0: Called Strike 1-1: Ball 2-1: Foul Ball, location: 2F 2-2: SOLO HOME RUN (Flyball, 7LD, EV 90.0 MPH), Distance : 349 ft
|
|
Batting: LHB Garcia Gutierrez
|
0-0: SINGLE (Flyball, 3D, EV 88.8 MPH)
|
|
Batting: RHB Alex Zermeno
|
0-0: Called Strike 0-1: SINGLE (Groundball, 6MS, EV 68.1 MPH) (infield hit) Garcia Gutierrez to second
|
|
Batting: RHB Dave Aponte
|
0-0: Ball 1-0: SINGLE (Groundball, 4D, EV 96.9 MPH) Garcia Gutierrez to third Alex Zermeno to second Runner from 3rd tries for Home, SAFE, throw by CF to home
|
|
Pitching: RHP Cecilio Guante
|
|
|
Batting: RHB Phil Bradley
|
0-0: Ball 1-0: Foul Ball, location: 2F 1-1: Grounds into double play, 6-4-3 (Groundball, 6S, EV 87.5 MPH) Alex Zermeno to third
|
|
Batting: LHB Sid Bream
|
0-0: Ball 1-0: Ball 2-0: Called Strike 2-1: Foul Ball, location: 2F 2-2: Reached on error, E9 (Line Drive, 9, EV 87.5 MPH) Alex Zermeno scores
|
|
Batting: RHB Joe Carter
|
0-0: Fly out, F8 (Flyball, 89XD, EV 98.1 MPH)
|
| Top of the 7th over - 3 runs, 4 hits, 1 error, 1 left on base; Dallas-Fort Worth 7 - Shreveport 12 |
| BOTTOM OF THE 7TH |
|
Shreveport Braves batting - Pitching for Dallas-Fort Worth Rangers : RHP Randy McGilberry
|
|
Pitching: RHP Tom McGough
|
|
|
Batting: RHB Jeff Matthews
|
0-0: Called Strike 0-1: Fly out, F8 (Flyball, 8LD, EV 94.4 MPH)
|
|
Batting: RHB Kevin Mitchell
|
0-0: Ball 1-0: Called Strike 1-1: Ball 2-1: SINGLE (Line Drive, 3D, EV 96.9 MPH)
|
|
Batting: RHB Dave Gallagher
|
0-0: Ball 1-0: SINGLE (Groundball, 6MD, EV 94.4 MPH) Kevin Mitchell to second Runner from 2nd tries for 3rd, SAFE, no throw by CF
|
|
Batting: RHB Les Pearsey
|
0-0: Ball 1-0: Ball 2-0: DOUBLE (Flyball, 5D, EV 95.0 MPH) Kevin Mitchell scores Dave Gallagher to third
|
|
Batting: RHB Scott Ullger
|
0-0: Called Strike 0-1: Ball 1-1: Called Strike 1-2: Foul Ball, location: 2F 1-2: Foul Ball, location: 2F 1-2: Ball 2-2: Foul Ball, location: 2F 2-2: Strikes out swinging
|
|
Batting: RHB Glenn Walker
|
0-0: Swinging Strike 0-1: Ball 1-1: Ball 2-1: Ball 3-1: Foul Ball, location: 2F 3-2: Foul Ball, location: 2F 3-2: Strikes out looking
|
| Bottom of the 7th over - 1 run, 3 hits, 0 errors, 2 left on base; Dallas-Fort Worth 7 - Shreveport 13 |
| TOP OF THE 8TH |
|
Dallas-Fort Worth Rangers batting - Pitching for Shreveport Braves : RHP Cecilio Guante
|
|
Batting: RHB Terry Lee
|
0-0: Ball 1-0: DOUBLE (Groundball, 5L, EV 100.6 MPH)
|
|
Batting: RHB Ross Jones
|
0-0: Ball 1-0: Ball 2-0: Called Strike 2-1: Ball 3-1: SINGLE (Line Drive, 34D, EV 96.9 MPH) Terry Lee to third
|
|
Batting: RHB Steve Nicosia
|
0-0: Called Strike 0-1: Ball 1-1: Foul Ball, location: 2F 1-2: Strikes out swinging
|
|
Batting: LHB Garcia Gutierrez
|
0-0: Ball 1-0: Called Strike 1-1: Foul Ball, location: 2F 1-2: Ball 2-2: Ball 3-2: Foul Ball, location: 2F 3-2: Strikes out swinging Ross Jones is caught stealing 2nd base 2-6 Batter strikes out.
|
| Top of the 8th over - 0 runs, 2 hits, 0 errors, 1 left on base; Dallas-Fort Worth 7 - Shreveport 13 |
| BOTTOM OF THE 8TH |
|
Shreveport Braves batting - Pitching for Dallas-Fort Worth Rangers : RHP Tom McGough
|
|
Batting: LHB Pete Bazan
|
0-0: Ball 1-0: Ground out 4-3 (Groundball, 4, EV 87.5 MPH)
|
|
Batting: RHB Daniel Supple
|
0-0: Ball 1-0: Fly out, F7 (Flyball, 7, EV 86.3 MPH)
|
|
Batting: LHB Robert Loscalzo
|
0-0: Called Strike 0-1: Ground out 4-3 (Groundball, 4, EV 103.8 MPH)
|
| Bottom of the 8th over - 0 runs, 0 hits, 0 errors, 0 left on base; Dallas-Fort Worth 7 - Shreveport 13 |
| TOP OF THE 9TH |
|
Dallas-Fort Worth Rangers batting - Pitching for Shreveport Braves : RHP Cecilio Guante
|
|
Batting: RHB Alex Zermeno
|
0-0: Ball 1-0: Foul Ball, location: 2F 1-1: Called Strike 1-2: Strikes out swinging
|
|
Batting: RHB Dave Aponte
|
0-0: Called Strike 0-1: Ball 1-1: Fly out, F8 (Flyball, 8RM, EV 84.4 MPH)
|
|
Batting: RHB Phil Bradley
|
0-0: Called Strike 0-1: Ball 1-1: SINGLE (Groundball, 4MS, EV 66.3 MPH) (infield hit)
|
|
Batting: LHB Sid Bream
|
0-0: Fly out, F8 (Line Drive, 8LM, EV 98.1 MPH)
|
| Top of the 9th over - 0 runs, 1 hit, 0 errors, 1 left on base; Dallas-Fort Worth 7 - Shreveport 13 |
|